Bean, chaotic male elven Priest ----- ----- |...| |...| --------- ##i...| ##..^.| ##........-# # |...| # |...-# # |>......|# ### |...| # -----# ####........|# # --|-- ------- # # # #---------# # f# |..(...#################*#####*######* ## # # q |.....| # # # # # #@# |...... # # # # # # |...).| ---------------# #### # # # . |..<..| ............+[-# # # # # # . ------- |.............| # # # #### # . |.............| ### ###### # #--------# |.............| # # --.--# #.......|# |.(............### # |...+# |......%# --------------- # |...| |......| ##....| |......| ----- -------- Bean the Adept Experience level: 7 Strength: 13 Dexterity: 16 Constitution: 15 Intelligence: 14 Wisdom: 19 Charisma: 11 Health: 0(55) Energy: 70(101) Def: 7 Gold: 210 Moves: 4874 Dungeon seed: QKuqnur_hpAFJAkU Game ID: Bean_1614368405 Your Inventory: Coins $ - 210 gold pieces Weapons v - a blessed +0 orcish dagger Armor e - a +0 robe (being worn) j - a +0 pair of levitation boots l - a +1 pair of high boots (being worn) K - a +0 dwarvish iron helm (being worn) Y - a cursed +0 shield of reflection Comestibles c - a clove of garlic d - a sprig of wolfsbane h - a lizard corpse M - a tripe ration Spellbooks f - a spellbook of detect monsters g - a spellbook of healing Potions b - 5 potions of holy water s - a potion of object detection u - a blessed diluted potion of confusion w - a potion of blindness I - a cursed potion of blindness Tools p - 5 tallow candles (0:200) t - a blessed crystal ball (0:4) A - a +0 pick-axe (alternate weapon; not wielded) H - a partly used tallow candle (0:149) Q - a skeleton key T - a magic marker (0:42) X - a +0 unicorn horn (weapon in hands) Gems q - 2 worthless pieces of orange glass r - a worthless piece of black glass y - a worthless piece of yellow glass z - a jet stone Spells and supernatural/magical abilities: Name Level Category Fail Memory h - healing 1 healing 0% 76% j - jumping 1 escape 0% 99% n - detect monsters 1 divination 0% 76% W - pray for help -- divine ? -- X - turn undead -- divine ? -- Your skills at the end: Fighting Skills Weapon Skills mace [Basic] Spellcasting Skills clerical spells [Basic] Final Attributes: You were piously aligned. You were sleep resistant. You had infravision. You were lucky. You are dead. Vanquished creatures: a large mimic 2 small mimics a tiger 2 quivering blobs a cockatrice 7 leprechauns a scorpion a black light a lizard a housecat a white unicorn a dust vortex a gnome mummy a snake a wood nymph a water nymph a yellow light a shrieker a violet fungus a gnome lord a gnomish wizard a kobold mummy a gray ooze a barrow wight an elf zombie a kitten 3 dwarves 4 hill orcs a rothe a rabid rat a giant bat a dwarf zombie 2 wererats 2 iguanas 5 coyotes a large kobold 2 giant rats 2 cave spiders 4 brown molds a yellow mold a green mold a gnome a gnome zombie a gecko 10 jackals 2 kobolds 6 goblins 2 sewer rats 8 grid bugs 2 lichens 2 kobold zombies 7 newts 107 creatures vanquished. Genocided species: giant ants killer bees soldier ants fire ants giant beetles queen bees master liches 7 species genocided. Voluntary challenges: You used a wielded weapon 175 times, starting on turn 4. You read items or engraved 9 times, starting on turn 5. You genocided 7 types of monsters, starting on turn 1581. You never polymorphed an object. You never changed form. You used no wishes. You never split a pudding. You wrote Elbereth's name 1 time, starting on turn 1428. You violated your moral code, losing 1 point of alignment, starting on turn 4860. Dungeon overview: The Dungeons of Doom: levels 1 to 9 Level 1 a fountain, a sink a long staircase Level 2 a general store Level 3 a long staircase Level 4 Level 5 many fountains Level 6 a fountain a long staircase Level 7 a general store Level 8 an armor shop, an altar to Anhur, a fountain, a sink Level 9 <- You were here History has recorded: On T:1 you entered the Dungeons of Doom to retrieve the Amulet of Yendor! On T:287 you reached level 2 of The Dungeons of Doom. On T:646 you reached level 3 of The Dungeons of Doom. On T:673 you advanced to experience level 2. On T:954 you reached level 4 of The Dungeons of Doom. On T:1315 you advanced to experience level 3. On T:1358 you reached level 5 of The Dungeons of Doom. On T:1459 you advanced to experience level 4. On T:1591 you reached level 6 of The Dungeons of Doom. On T:1711 you advanced to experience level 5. On T:2445 you advanced to experience level 6. On T:2521 you reached level 7 of The Dungeons of Doom. On T:2847 you reached level 8 of The Dungeons of Doom. On T:3813 you advanced to experience level 7. On T:4315 you reached level 9 of The Dungeons of Doom. Score breakdown: Gold: 210 ( 7906 points) Experience: 7 levels (13645 points) Exploration: 9 levels ( 18.37%) (12247 points) Discoveries: 17 items ( 5.94%) ( 7314 points) Valuables value: (no points given unless you survive) Artifact value: 0 ( 0 points) Variety of kills: 52 monsters ( 13.65%) (11083 points) Turncount: 4874 turns (-1316 points) Survival: died (score multiplied by 80%) Total score: 40703 Latest messages: The rabid rat bites! You miss the rabid rat. The rabid rat bites! You kill the rabid rat! You feel better. Qwerty looks better. The leocrotta looks better. You feel more confident in your spell casting skills. The dart misses the leocrotta. The leocrotta hits! The leocrotta bites! The leocrotta hits! You hit the leocrotta! The leocrotta misses. The leocrotta bites! You die... Final status: Goodbye Bean the Priest, killed by a leocrotta... You died in The Dungeons of Doom on dungeon level 9 with 40703 points, and 210 pieces of gold, after 4874 moves. You were level 7 with a maximum of 55 hit points when you died.